3AA
WESTWOOD SIXSHOOTERS @ SAN ANTONIO BC
08/01/2022
 
TOP OF THE 1ST
Westwood Sixshooters batting - Pitching for San Antonio BC : LHP Howard Ventura
Pitching: LHP Howard Ventura
Batting: RHB Manuel Becerra 0-0: Ground out 4-3 (Groundball, 4M)
Batting: RHB Sergio Martínez 0-0: Ball
1-0: Ball
2-0: Fly out, F6 (Popup, 6MD)
Batting: RHB Wes Shannon 0-0: Ball
1-0: Swinging Strike
1-1: Ball
2-1: Foul Ball, location: 2F
2-2: Ball
3-2: Strikes out swinging
Top of the 1st over - 0 run(s), 0 hit(s), 0 error(s), 0 left on base; Westwood 0 - San Antonio 0
BOTTOM OF THE 1ST
San Antonio BC batting - Pitching for Westwood Sixshooters : LHP John Fowler
Pitching: LHP John Fowler
Batting: RHB Albert Delgado 0-0: SINGLE (Line Drive, 5D)
Batting: LHB Miguel García 0-0: Foul Ball, location: 2F
0-1: Ball
1-1: Grounds into double play, U4-3 (Groundball, 4)
Batting: RHB Orlando Padilla 0-0: Called Strike
0-1: Ball
1-1: Ball
2-1: Ground out 6-3 (Groundball, 6)
Bottom of the 1st over - 0 run(s), 1 hit(s), 0 error(s), 0 left on base; Westwood 0 - San Antonio 0
TOP OF THE 2ND
Westwood Sixshooters batting - Pitching for San Antonio BC : LHP Howard Ventura
Batting: LHB José Martínez 0-0: Ball
1-0: Called Strike
1-1: Ball
2-1: DOUBLE (Flyball, 89M)
Batting: RHB Ronnie Cleveland 0-0: Foul Ball, location: 2F
0-1: Ball
1-1: Ball
2-1: Ball
3-1: Hit by Pitch
Batting: SHB Tim Moss 0-0: Ball
1-0: Ball
2-0: Swinging Strike
2-1: SINGLE (Line Drive, 7S)
José Martínez to third
Ronnie Cleveland to second
Batting: RHB Aurelio García 0-0: Fly out, F3 (Popup, 13)
Batting: RHB Jorge Morales 0-0: Fly out, F6 (Line Drive, 6M)
Batting: RHB Richard Hicks 0-0: Called Strike
0-1: Ball
1-1: SINGLE (Line Drive, 8LS)
José Martínez scores
Ronnie Cleveland to third
Tim Moss to second
Batting: RHB Manuel Becerra 0-0: Ball
1-0: Ball
2-0: Foul Ball, location: 2F
2-1: Foul Ball, location: 2F
2-2: Strikes out swinging
Top of the 2nd over - 1 run(s), 3 hit(s), 0 error(s), 3 left on base; Westwood 1 - San Antonio 0
BOTTOM OF THE 2ND
San Antonio BC batting - Pitching for Westwood Sixshooters : LHP John Fowler
Batting: SHB Xavier Vásquez 0-0: Foul Ball, location: 2F
0-1: Ball
1-1: Swinging Strike
1-2: Fly out, F8 (Flyball, 8RM)
Batting: RHB Jim Unknown 0-0: Ball
1-0: Ball
2-0: Ball
3-0: Called Strike
3-1: Base on Balls
Batting: RHB Martín Álvarez 0-0: Ball
1-0: Called Strike
1-1: Fly out, F9 (Flyball, 89S)
Batting: SHB Mike Peña 0-0: Ball
1-0: Ball
2-0: Called Strike
2-1: Called Strike
2-2: Strikes out swinging
Bottom of the 2nd over - 0 run(s), 0 hit(s), 0 error(s), 1 left on base; Westwood 1 - San Antonio 0
TOP OF THE 3RD
Westwood Sixshooters batting - Pitching for San Antonio BC : LHP Howard Ventura
Batting: RHB Sergio Martínez 0-0: Foul Ball, location: 2F
0-1: Ball
1-1: Ball
2-1: Fly out, F9 (Flyball, 89M)
Batting: RHB Wes Shannon 0-0: Called Strike
0-1: Called Strike
0-2: Ground out 5-3 (Groundball, 5L)
Batting: LHB José Martínez 0-0: Ball
1-0: Called Strike
1-1: Ball
2-1: Called Strike
2-2: Foul Ball, location: 2F
2-2: Strikes out swinging
Top of the 3rd over - 0 run(s), 0 hit(s), 0 error(s), 0 left on base; Westwood 1 - San Antonio 0
BOTTOM OF THE 3RD
San Antonio BC batting - Pitching for Westwood Sixshooters : LHP John Fowler
Batting: LHB Enrique Sánchez 0-0: Called Strike
0-1: Called Strike
0-2: Ball
1-2: Strikes out looking
Batting: LHB Álex Ramírez 0-0: Ball
1-0: Called Strike
1-1: Called Strike
1-2: Ball
2-2: Foul Ball, location: 2F
2-2: Foul Ball, location: 2F
2-2: Fly out, F8 (Flyball, 8RS)
Batting: RHB Albert Delgado 0-0: Ball
1-0: Called Strike
1-1: Called Strike
1-2: Ball
2-2: Ball
3-2: Strikes out swinging
Bottom of the 3rd over - 0 run(s), 0 hit(s), 0 error(s), 0 left on base; Westwood 1 - San Antonio 0
TOP OF THE 4TH
Westwood Sixshooters batting - Pitching for San Antonio BC : LHP Howard Ventura
Batting: RHB Ronnie Cleveland 0-0: SINGLE (Groundball, 5D)
Batting: SHB Tim Moss 0-0: Foul Ball, location: 2F
0-1: Foul Ball, location: 2F
0-2: Ground out 5-3 (Groundball, 15S)
Ronnie Cleveland to second
Batting: RHB Aurelio García 0-0: Ball
1-0: Ball
2-0: Ball
3-0: Called Strike
3-1: Foul Ball, location: 2F
3-2: Strikes out looking
Batting: RHB Jorge Morales 0-0: Fly out, F9 (Flyball, 9M)
Top of the 4th over - 0 run(s), 1 hit(s), 0 error(s), 1 left on base; Westwood 1 - San Antonio 0
BOTTOM OF THE 4TH
San Antonio BC batting - Pitching for Westwood Sixshooters : LHP John Fowler
Batting: LHB Miguel García 0-0: Ball
1-0: Swinging Strike
1-1: Ball
2-1: Ball
3-1: Fly out, F1 (Line Drive, 13)
Batting: RHB Orlando Padilla 0-0: Swinging Strike
0-1: Foul Ball, location: 2F
0-2: Strikes out looking
Batting: SHB Xavier Vásquez 0-0: Called Strike
0-1: Ball
1-1: Ball
2-1: Foul Ball, location: 2F
2-2: Ground out 5-3 (Groundball, 5)
Bottom of the 4th over - 0 run(s), 0 hit(s), 0 error(s), 0 left on base; Westwood 1 - San Antonio 0
TOP OF THE 5TH
Westwood Sixshooters batting - Pitching for San Antonio BC : LHP Howard Ventura
Batting: RHB Richard Hicks 0-0: Swinging Strike
0-1: Swinging Strike
0-2: SINGLE (Groundball, 56)
Batting: RHB Manuel Becerra 0-0: Sac Bunt - play at first, batter OUT! 1-3
Richard Hicks to second
Batting: RHB Sergio Martínez 0-0: Called Strike
0-1: Ball
1-1: Ball
2-1: Ball
3-1: Ground out 4-3 (Groundball, 4)
Richard Hicks to third
Batting: RHB Wes Shannon 0-0: Fly out, F8 (Flyball, 8LS)
Top of the 5th over - 0 run(s), 1 hit(s), 0 error(s), 1 left on base; Westwood 1 - San Antonio 0
BOTTOM OF THE 5TH
San Antonio BC batting - Pitching for Westwood Sixshooters : LHP John Fowler
Batting: RHB Jim Unknown 0-0: Ground out 5-3 (Groundball, 5L)
Batting: RHB Martín Álvarez 0-0: Ball
1-0: Ground out 6-3 (Groundball, 56)
Batting: SHB Mike Peña 0-0: Ground out 4-3 (Groundball, 4)
Bottom of the 5th over - 0 run(s), 0 hit(s), 0 error(s), 0 left on base; Westwood 1 - San Antonio 0
TOP OF THE 6TH
Westwood Sixshooters batting - Pitching for San Antonio BC : LHP Howard Ventura
Batting: LHB José Martínez 0-0: Ball
1-0: Ball
2-0: SINGLE (Groundball, 6MD)
Batting: RHB Ronnie Cleveland 0-0: Foul Ball, location: 2F
0-1: Ball
1-1: Ball
2-1: Ball
3-1: Foul Ball, location: 2F
3-2: Foul Ball, location: 2F
3-2: Base on Balls
José Martínez to second
Batting: SHB Tim Moss 0-0: Sac Bunt - play at first, batter OUT! 1-4
José Martínez to third
Ronnie Cleveland to second
Batting: RHB Aurelio García 0-0: Ball
1-0: Called Strike
1-1: Ball
2-1: Called Strike
2-2: Strikes out swinging
Batting: RHB Jorge Morales 0-0: Ball
1-0: Fly out, F8 (Flyball, 8RM)
Top of the 6th over - 0 run(s), 1 hit(s), 0 error(s), 2 left on base; Westwood 1 - San Antonio 0
BOTTOM OF THE 6TH
San Antonio BC batting - Pitching for Westwood Sixshooters : LHP John Fowler
Batting: LHB Enrique Sánchez 0-0: Called Strike
0-1: Called Strike
0-2: Strikes out swinging
Batting: LHB Álex Ramírez 0-0: Ball
1-0: Foul Ball, location: 2F
1-1: Swinging Strike
1-2: Ball
2-2: Foul Ball, location: 2F
2-2: Foul Ball, location: 2F
2-2: Strikes out swinging
Batting: RHB Albert Delgado 0-0: Ball
1-0: Called Strike
1-1: Ball
2-1: Ground out 5-3 (Groundball, 6)
Bottom of the 6th over - 0 run(s), 0 hit(s), 0 error(s), 0 left on base; Westwood 1 - San Antonio 0
TOP OF THE 7TH
Westwood Sixshooters batting - Pitching for San Antonio BC : LHP Howard Ventura
Batting: RHB Richard Hicks 0-0: Ball
1-0: Foul Ball, location: 2F
1-1: Ball
2-1: Foul Ball, location: 2F
2-2: Strikes out swinging
Batting: RHB Manuel Becerra 0-0: Ball
1-0: Ball
2-0: Foul Ball, location: 2F
2-1: Ball
3-1: Base on Balls
Pitching: LHP Stanton Miranda
Pinch Hitting: RHB Jason Boyer 0-0: Ball
1-0: Grounds into double play, 6-4-3 (Groundball, 6)
Top of the 7th over - 0 run(s), 0 hit(s), 0 error(s), 0 left on base; Westwood 1 - San Antonio 0
BOTTOM OF THE 7TH
San Antonio BC batting - Pitching for Westwood Sixshooters : LHP John Fowler
Now at SS: Luis Medina
Batting: LHB Miguel García 0-0: Ball
1-0: Foul Ball, location: 2F
1-1: Foul Ball, location: 2F
1-2: Ball
2-2: Strikes out swinging
Batting: RHB Orlando Padilla 0-0: Foul Ball, location: 2F
0-1: Called Strike
0-2: Ball
1-2: Fly out, F7 (Line Drive, 7LD)
Batting: SHB Xavier Vásquez 0-0: Called Strike
0-1: Ball
1-1: Foul Ball, location: 2F
1-2: Ball
2-2: Ball
3-2: Strikes out swinging
Bottom of the 7th over - 0 run(s), 0 hit(s), 0 error(s), 0 left on base; Westwood 1 - San Antonio 0
TOP OF THE 8TH
Westwood Sixshooters batting - Pitching for San Antonio BC : LHP Stanton Miranda
Batting: RHB Wes Shannon 0-0: Foul Ball, location: 2F
0-1: Foul Ball, location: 2F
0-2: Strikes out looking
Batting: LHB José Martínez 0-0: Ball
1-0: Foul Ball, location: 2F
1-1: Ball
2-1: Foul Ball, location: 2F
2-2: Ball
3-2: Strikes out looking
Batting: RHB Ronnie Cleveland 0-0: Ball
1-0: Foul Ball, location: 2F
1-1: Foul Ball, location: 2F
1-2: Foul Ball, location: 2F
1-2: Strikes out swinging
Top of the 8th over - 0 run(s), 0 hit(s), 0 error(s), 0 left on base; Westwood 1 - San Antonio 0
BOTTOM OF THE 8TH
San Antonio BC batting - Pitching for Westwood Sixshooters : LHP John Fowler
Batting: RHB Jim Unknown 0-0: Foul Ball, location: 2F
0-1: Ball
1-1: Ball
2-1: SINGLE (Groundball, 4MD)
Batting: RHB Martín Álvarez 0-0: Bunted foul
0-1: Sac Bunt - play at second, runner OUT! 5-6
Batting: SHB Mike Peña 0-0: Ball
1-0: Called Strike
1-1: Called Strike
1-2: 2-RUN HOME RUN (Flyball, 7D), Distance : 412 ft
Batting: LHB Enrique Sánchez 0-0: Called Strike
0-1: Called Strike
0-2: Ball
1-2: Ball
2-2: Ball
3-2: Foul Ball, location: 2F
3-2: Foul Ball, location: 2F
3-2: Strikes out swinging
Batting: LHB Álex Ramírez 0-0: Ball
1-0: Called Strike
1-1: SINGLE (Line Drive, 78S)
Batting: RHB Albert Delgado 0-0: Called Strike
0-1: Foul Ball, location: 2F
0-2: Strikes out swinging
Bottom of the 8th over - 2 run(s), 3 hit(s), 0 error(s), 1 left on base; Westwood 1 - San Antonio 2
TOP OF THE 9TH
Westwood Sixshooters batting - Pitching for San Antonio BC : LHP Stanton Miranda
Pitching: LHP Jamie Scott
Now in LF: Keith Gardner
Batting: SHB Tim Moss 0-0: Ball
1-0: Swinging Strike
1-1: Called Strike
1-2: Foul Ball, location: 2F
1-2: Foul Ball, location: 2F
1-2: Ball
2-2: Ball
3-2: Base on Balls
Batting: RHB Aurelio García 0-0: Sac Bunt - play at second, runner OUT! 1-6
Batting: RHB Jorge Morales 0-0: Ball
1-0: Ground out 6-3 (Groundball, 6MS)
Aurelio García to second
Batting: RHB Richard Hicks 0-0: Fly out, F9 (Flyball, 9M)
Top of the 9th over - 0 run(s), 0 hit(s), 0 error(s), 1 left on base; Westwood 1 - San Antonio 2
This league is powered by Out of the Park Baseball, the baseball management simulation game for PC, Mac and Linux
Friday, April 15th, 2016 - OOTP Baseball 16.9 Build 39